 Dungeon Crawl Stone Soup version 0.27.1-33-g824d729ab1 (webtiles) character file.

Game seed: 17152203647905139228

36 SensoryNuts the Ruffian (level 3, -1/28 HPs)
             Began as a Draconian Transmuter on Dec 7, 2021.
             Succumbed to a scorpion's poison
             ... on level 2 of the Dungeon.
             The game lasted 00:01:08 (791 turns).

SensoryNuts the Ruffian (Draconian Transmuter)       Turns: 791, Time: 00:01:09

Health: -1/28      AC:  5    Str: 13    XL:     3   Next: 19%
Magic:  6/6        EV: 12    Int: 13    God:
Gold:   30         SH:  0    Dex: 11    Spells: 5/6 levels left

rFire    . . .     SeeInvis .     - Unarmed
rCold    . . .     Faith    .   (no shield)
rNeg     . . .     Spirit   .   (armour unavailable)
rPois    .         Reflect  .   (helmet currently unavailable)
rElec    .         Harm     .   (no cloak)
rCorr    .         Rampage  .   (no gloves)
Will     .....                  (boots currently unavailable)
Stlth    +.........             (no amulet)
HPRegen  0.09/turn              (no ring)
MPRegen  0.10/turn              (no ring)

@: brilliant, lethally poisoned (-1 -> -8), appendages (expiring), very slightly
contaminated, invisible
A: horns 2, talons 2, AC +5, unfitting armour, cold-blooded
a: End Transformation


You were on level 2 of the Dungeon.
You had temporarily grown beastly horns and talons.
You visited 1 branch of the dungeon, and saw 2 of its levels.

You collected 30 gold pieces.

Inventory:

Scrolls
 b - a scroll of blinking {unknown}
 c - a scroll of teleportation {unknown}


   Skills:
 + Level 1.1 Fighting
 + Level 1.8 Dodging
 + Level 3.8 Unarmed Combat
 + Level 2.4 Spellcasting
 + Level 2.3 Transmutations


You had 5 spell levels left.
You knew the following spells:

 Your Spells              Type           Power      Damage    Failure   Level
a - Beastly Appendage     Tmut           22%        N/A       10%         1

Your spell library contained the following spells:

 Spells                   Type           Power      Damage    Failure   Level
 Wereblood                Tmut           11%        N/A       14%         2
 Spider Form              Tmut/Pois      3%         N/A       41%         3
 Ice Form                 Ice/Tmut       6%         N/A       83%         4


Dungeon Overview and Level Annotations

Branches:
Dungeon (1/15)

Altars:


Innate Abilities, Weirdness & Mutations

You have temporarily grown beastly horns and talons.
Your plain brown scales are hard. (AC +5)
You cannot fit into any form of body armour.
You are cold-blooded and may be slowed by cold attacks.


Message History

Your transformation is almost over.
You feel sick. The scorpion stings you. The goblin closely misses you.
You are too injured to fight recklessly!
You are too injured to fight recklessly!
It was a potion of brilliance.
You feel clever all of a sudden.
You feel sick. The scorpion stings you!
* * * LOW HITPOINT WARNING * * *
The goblin misses you.
It was a potion of invisibility.
You fade into invisibility!
You feel sick. The scorpion closely misses you. The goblin closely misses you.
The scorpion stings you but does no damage.
You are very lightly contaminated with residual magic.
It was a potion of curing.
You feel better. The goblin barely misses you. The scorpion closely misses you.
You closely miss the goblin. You headbutt the goblin.
You kill the goblin!
The scorpion stings you.
You are lethally poisoned!
The scorpion poisons you!
You catch the helpless scorpion completely off-guard!
You hit the scorpion. You claw the scorpion. Your headbutt misses the scorpion.
You tail-slap the scorpion.
The scorpion is almost dead.
* * * LOW HITPOINT WARNING * * *
You feel very sick. The kobold closely misses you.
You completely miss the kobold. Your kick misses the kobold.
* * * LOW HITPOINT WARNING * * *
You feel sick. The kobold hits you with a +0 falchion.
* * * LOW HITPOINT WARNING * * *
You hit the kobold.
You kill the kobold!
* * * LOW HITPOINT WARNING * * *
You feel sick.
Unknown command.
As you read the scroll labelled GAOGECZYOD, it crumbles to dust.
The scroll dissolves into smoke.
It was a scroll of fog.
You die...

#.##.# #.#.#
#.##.#
#.#.######.#
#..#>#
#..........#
#.#..#
#.#.####.###
#.##.#####.#.#
#.#..........#
##.###########
###.#....§§§#
#...#.#####@#
#.###.# #r§s.#
#.##..### #§§#.#
##.#.....# #... ..
#...)....# #.#.P
..#
#..#.........#...
..
#..#......####..(.
. #.).......#
..... #......####


You could see a scorpion and a rat.

Vanquished Creatures
  An adder zombie (D:2)
  A bat zombie (D:2)
  4 endoplasms (D:1)
  2 giant cockroaches (D:1)
  4 goblins
  2 hobgoblins (D:1)
  4 jackals (D:1)
  4 kobolds
  4 ball pythons (D:1)
  2 bats
28 creatures vanquished.

Vanquished Creatures (others)
  2 withered plants (D:2)
2 creatures vanquished.

Grand Total: 30 creatures vanquished

Notes
Turn   | Place    | Note
-------+----------+-------------------------------------------
     0 | D:1      | SensoryNuts the Draconian Transmuter began the quest for
                  | the Orb.
     0 | D:1      | Reached XP level 1. HP: 16/16 MP: 3/3
   140 | D:1      | Reached XP level 2. HP: 22/23 MP: 3/5
   635 | D:1      | You fall into a shaft and drop 1 floor!
   748 | D:2      | Reached XP level 3. HP: 28/28 MP: 4/6
   776 | D:2      | Noticed a scorpion
   790 | D:2      | HP: 1/28 [poisoned by a scorpion]
   791 | D:2      | Succumbed to a scorpion's poison

Illustrated notes

Levels and vault maps discovered:
D:1:      denvon_arrival_waterhouse, layout_loops_ring
D:2:      minmay_chambers_of_ones, layout_loops_ring, serial_undead,
          serial_undead_c, serial_undead_b, serial_undead_e, serial_undead_a,
          serial_undead_f, basic_altar

Action                   || total
-------------------------++-------
Melee: Unarmed           ||    73
       Kick              ||     7
       Headbutt          ||    10
       Tailslap          ||     4
 Cast: Beastly Appendage ||    12
  Use: Potion            ||     3
       Scroll            ||     1
 Stab: Sleeping          ||     1
       Invisible         ||     1
Armor: Skin              ||    26
Dodge: Dodged            ||    55
